Map: Pillars of Gold LE

Players

HeroMarine

  • Race: Terran Terran
  • Spawn Location: 1:00

Stats - Winner!

  • Race: Protoss Protoss
  • Spawn Location: 7:00

Event: TSL 6

VOD

Have the link to the VOD?

Description

Time

  • Played on: Dec. 13, 2020, 1:36 p.m.
  • Length: 7:06

All games in this series

Show
View Real Time Build Order
Export as new Build Order

HeroMarine Terran 

Build Orders: Reaper Expand 

Get SALT Encoding   

  12  0:00  SCV  
  13  0:12  SCV  
  14  0:18  Supply Depot  
  14  0:24  SCV  
  15  0:39  SCV  
  15  0:41  Barracks  
  16  0:45  Refinery  
  16  0:51  SCV  
  17  1:04  SCV  
  18  1:16  SCV  
  19  1:29  Orbital Command, Reaper  
  20  1:44  Command Center  
  20  1:52  Supply Depot  
  20  1:55  SCV  
  20  2:00  Marine  
  22  2:10  Factory  
  22  2:13  SCV  
  23  2:18  Marine  
  24  2:23  Refinery  
  24  2:25  SCV  
  25  2:36  Marine  
  26  2:37  Bunker  
  26  2:39  SCV  
  26  2:51  SCV  
  26  2:54  Factory Tech Lab, Marine  
  28  3:01  Supply Depot  
  29  3:12  Marine  
  30  3:17  Mag-Field Accelerator  
  30  3:19  Cyclone  
  30  3:23  Engineering Bay  
  28  3:27  SCV  
  28  3:32  Marine  
  30  3:39  SCV  
  31  3:47  Starport  
  31  3:50  Marine  
  31  3:51  SCV  
  31  4:01  Cyclone  
  34  4:04  Supply Depot  
  34  4:05  Missile Turret, SCV  
  35  4:10  Barracks Reactor  
  35  4:22  Barracks  
  36  4:25  Medivac  
  36  4:27  SCV  
  41  4:38  Cyclone  
  41  4:47  Marine x2  
  41  4:50  SCV  
  44  4:58  Viking  
  46  5:05  Marine  
  47  5:07  Supply Depot  
  47  5:08  Marine  
  47  5:12  Siege Tank  
  51  5:15  Marine  
  52  5:23  Marine  
  52  5:26  Marine  
  54  5:33  Marine  
  55  5:38  Viking  
  55  5:42  Marine  
  58  5:44  Marine  
  59  5:55  Cyclone  
  63  6:04  Marine  
  63  6:08  Supply Depot  
  63  6:13  Marine  
  63  6:29  Siege Tank  
  66  6:36  Marine  
  54  6:44  Marine  
  54  6:46  Marine  
Show
View Real Time Build Order
Export as new Build Order

Stats Protoss - Winner!

Build Orders: Phoenix Opening 

Get SALT Encoding   

  13  0:09  Pylon  
  13  0:13  Probe  
  13  0:27  Gateway  
  13  0:31  Probe (Chrono Boost)  
  14  0:39  Probe (Chrono Boost)  
  14  0:41  Assimilator  
  15  0:45  Probe  
  16  0:51  Assimilator  
  16  0:57  Probe  
  17  1:09  Probe  
  18  1:14  Cybernetics Core  
  18  1:22  Probe  
  19  1:27  Pylon  
  19  1:34  Probe  
  20  1:46  Probe  
  21  1:51  Adept (Chrono Boost), Stargate  
  23  1:58  Probe  
  24  2:05  Shield Battery  
  24  2:10  Probe  
  25  2:17  Adept  
  25  2:20  Warp Gate  
  27  2:33  Void Ray (Chrono Boost)  
  27  2:37  Pylon  
  30  2:55  Pylon  
  30  3:05  Void Ray (Chrono Boost)  
  34  3:32  Probe, Nexus  
  35  3:41  Phoenix  
  35  3:45  Probe  
  37  3:57  Probe  
  38  4:05  Pylon  
  38  4:10  Probe  
  39  4:22  Phoenix (Chrono Boost)  
  39  4:23  Adept, Probe  
  44  4:35  Probe  
  45  4:38  Phoenix (Chrono Boost)  
  47  4:47  Probe  
  48  4:59  Probe x2  
  50  5:00  Phoenix (Chrono Boost), Pylon  
  52  5:07  Gateway  
  52  5:18  Sentry  
  52  5:20  Probe  
  57  5:21  Probe  
  58  5:29  Gateway  
  58  5:35  Shield Battery  
  58  5:37  Probe x2  
  58  5:43  Pylon  
  58  5:45  Stalker, Pylon  
  60  5:59  Gateway  
  60  6:02  Stalker, Robotics Facility  
  62  6:09  Stalker  
  62  6:11  Probe x2  
  66  6:26  Stalker  
  66  6:27  Stalker  
  63  6:46  Probe x2  
  51  6:49  Stalker  
  47  6:55  Stalker x2  
Tags
 
Add a new tag
Caveats
  • Supply blocks, unpowered buildings, or Contaminate may cause inaccurate times.
  • Supply counts are checked every 10 seconds.